 Dungeon Crawl Stone Soup version 0.31.0-12-g77e489cdc1 (webtiles) character file.

Game seed: 11100131762942399912

169 Ruich the Caller (level 5, 24/24 HPs)
             Began as a Felid Summoner on Feb 14, 2024.
             Was a Follower of Elyvilon.
             Quit the game on level 2 of the Dungeon.
             The game lasted 00:09:20 (2551 turns).

Ruich the Caller (Felid Summoner)                   Turns: 2551, Time: 00:09:21

Health: 24/24      AC:  1    Str:  6    XL:     5   Next: 25%
Magic:  11/11      EV: 17    Int: 19    God:    Elyvilon [*.....]
Gold:   150        SH:  5    Dex: 16    Spells: 1/11 levels left
                                        Lives:  1   Deaths: 1

rFire   . . .        (weapon unavailable)
rCold   . . .        (shield unavailable)
rNeg    . . .        (body armour unavailable)
rPois   .            (helmet unavailable)
rElec   .            (cloak unavailable)
rCorr   .            (gloves unavailable)
SInv    +            (boots unavailable)
Will    .....        c - amulet of reflection
Stlth   ++           (no ring)
HPRegen 0.24/turn    (no ring)
MPRegen 0.12/turn

%: reflection
@: no status effects
A: very small, claws 1, fangs 3, see invisible, shaggy fur 1, stealthy paws, no
weapons or thrown items, no armour, multi-lived
a: Renounce Religion, Purification


You were on level 2 of the Dungeon.
You worshipped Elyvilon.
Elyvilon was aware of your devotion.
You visited 1 branch of the dungeon, and saw 3 of its levels.

You collected 150 gold pieces.


Innate Abilities, Weirdness & Mutations

You have sharp claws.
You have razor-sharp teeth.
You have supernaturally acute eyesight. (SInv)
You are covered in fur. (AC +1)
Your paws help you pounce on unaware monsters.
You are incapable of wielding weapons or throwing items.
You cannot wear armour.
You gain extra lives every three experience levels.


   Skills:
 - Level 2.6 Dodging
 - Level 2.6 Stealth
 + Level 3.7 Spellcasting
 + Level 5.3 Summonings
 - Level 0.7 Necromancy
 + Level 0.5 Fire Magic


You had one spell level left.
You knew the following spells:

 Your Spells              Type           Power      Damage    Failure   Level
c - Call Canine Familiar  Summ           23%        N/A       4%          3
z - Summon Small Mammal   Summ           92%        N/A       1%          1
X - Sublimation of Blood  Necr           6%         N/A       16%         2
Y - Summon Blazeheart Go  Fire/Summ      14%        N/A       38%         4

Your spell library contained the following spells:

 Spells                   Type           Power      Damage    Failure   Level
 Call Imp                 Summ           46%        N/A       2%          2
 Ensorcelled Hibernation  Hex/Ice        6%         N/A       22%         2
 Fugue of the Fallen      Necr           6%         N/A       32%         3
 Summon Lightning Spire   Summ/Air       13%        N/A       43%         4
 Anguish                  Hex/Necr       2%         N/A       77%         4
 Petrify                  Alch/Erth      3%         N/A       80%         4
 Irradiate                Conj/Alch      1%         3d12      98%         5

Inventory:

Jewellery
 c - an amulet of reflection (around neck)
 F - a ring of fire
Talismans
 i - a maw talisman
Wands
 j - a wand of polymorph (3)
Scrolls
 b - 2 scrolls of acquirement {unknown}
 d - 2 scrolls of teleportation {unknown}
 e - 2 scrolls of fear {unknown}
 f - a scroll of immolation {unknown}
 h - a scroll of butterflies {unknown}
 k - a scroll of enchant armour {unknown}
Potions
 a - 2 potions of magic
 g - 2 potions of brilliance {unknown}

Dungeon Overview and Level Annotations

Branches:
Dungeon (3/15)

Altars:
Elyvilon
Gozag

Annotations:
D:2 exclusion: adder

..##.## .)....# .###..#
## #..#### ####†....##
#.........#
#.##...#..######
#..............#####
#...............@..#
#.........####.###.#
#.#....#....##.###.#
............#...##.#####
.................†.....#
....#.##..#.#...#..###.#
#.#.......#.##.##..# #.#
.........#.##.##..# #.#
#.............##..# #.#


There were no monsters in sight!


Message History

Unknown command.
You start resting.
Your bat disappears in a puff of smoke!
HP restored.
Your inugami disappears in a puff of smoke!
Magic restored.
You open the door.
A quokka comes into view.
Unknown command.
Found two gnoll skeletons.
There is an open door here.
You scratch the quokka.
The quokka is severely wounded.
The quokka misses you.
You scratch the quokka.
You kill the quokka!
You open the door.
Found a faded altar of an unknown god.
There is an open door here.
There is a faded altar of an unknown god here.
This altar belongs to (a) Elyvilon, (b) Ashenzari or (c) Jiyva, but you can't tell which.
Press the corresponding letter to learn more about a god, or press enter to convert or escape to cancel.
Elyvilon accepts your prayer! Elyvilon welcomes you!
You can now purify yourself.
There is an open door here.
There is an open door here.
You see here a +0 dagger.
Okay, then.
There is a stone staircase leading up here.
Are you sure you want to abandon this character and quit the game? (Confirm with "yes".)

Skill      XL: |  1  2  3 |
---------------+----------+-----
Spellcasting   | 3 |  3.7
Summonings     | 5 |  5.3
Dodging        | |  2.6
Stealth        | |  2.6
Necromancy     | |  0.7
Fire Magic     | |  0.5

Action                     |  1- 3 |  4- 6 || total
---------------------------+-------+-------++-------
  Melee: Unarmed           |    25 |    13 ||    38
         Bite              |     2 |     3 ||     5
   Cast: Summon Small Mamm |    43 |     8 ||    51
         Call Canine Famil |     4 |    10 ||    14
 Armour: Skin              |    11 |     8 ||    19
  Dodge: Dodged            |    22 |    13 ||    35
  Block: Other             |     3 |     8 ||    11

Levels and vault maps discovered:
D:1:      matt_arrival_diagonals, layout_basic, serial_rivers,
          chequers_serial_rivers_small_3, chequers_serial_rivers_micro_c,
          chequers_serial_rivers_micro_b, chequers_serial_rivers_micro_d,
          chequers_serial_rivers_small_a, chequers_serial_rivers_large_a
D:2:      layout_loops_ring, dilly_ecumenical_altar_fadedgnrine, basic_altar
D:3:      layout_loops_ring, uniq_ijyb

Notes
Turn   | Place    | Note
-------+----------+-------------------------------------------
     0 | D:1      | Ruich the Felid Summoner began the quest for the Orb.
     0 | D:1      | Reached XP level 1. HP: 9/9 MP: 4/4
   228 | D:1      | Reached XP level 2. HP: 13/13 MP: 3/6
   864 | D:2      | Succumbed to an adder's poison
   864 | D:2      | Lost a life (0 lives remaining)
  1095 | D:2      | Reached XP level 3. HP: 16/16 MP: 5/8
  1199 | D:2      | Learned a level 3 spell: Call Canine Familiar
  1207 | D:2      | Found an opulent altar of Gozag.
  1240 | D:2      | Reached skill level 3 in Spellcasting
  1242 | D:2      | You fall into a shaft and drop 1 floor!
  1476 | D:3      | Reached skill level 5 in Summonings
  1476 | D:3      | Reached XP level 4. HP: 21/21 MP: 6/9
  1476 | D:3      | Gained a life (1 life remaining)
  1592 | D:3      | Noticed Ijyb
  1613 | D:3      | Killed Ijyb
  1638 | D:3      | Learned a level 2 spell: Sublimation of Blood
  1643 | D:3      | Learned a level 4 spell: Summon Blazeheart Golem
  2151 | D:2      | Reached XP level 5. HP: 7/24 MP: 6/11
  2511 | D:2      | Found a faded altar of an unknown god.
  2518 | D:2      | Prayed at the altar of an unknown god.
  2518 | D:2      | Became a worshipper of Elyvilon the Healer
  2518 | D:2      | Reached * piety under Elyvilon
  2551 | D:2      | Quit the game

Vanquished Creatures
  A dart slug (D:3)
  A hobgoblin (D:1)
  A quokka (D:2)
  2 rats (D:1)
5 creatures vanquished.

Vanquished Creatures (collateral kills)
  A hound (D:3)
  Ijyb (D:3)
  3 gnolls (D:2)
  4 adders (D:2)
  A dart slug (D:3)
  2 ribbon worms
  An orc (D:3)
  3 ball pythons
  5 endoplasms
  2 giant cockroaches
  3 goblins
  3 hobgoblins
  A quokka (D:1)
  A bat (D:3)
  2 frilled lizards
  2 kobolds (D:1)
  2 rats
37 creatures vanquished.

Grand Total: 42 creatures vanquished

Table legend: (Time is in decaauts)
 A = Elapsed time spent in this place.
 B = Non-inter-level travel time spent in this place.
 C = Inter-level travel time spent in this place.
 D = Time resting spent in this place.
 E = Time spent auto-exploring this place.
 F = Levels seen in this place.
 G = Mean time per level.
                   A        B        C        D        E       F      G
               +--------+--------+--------+--------+--------+-----+--------+
         Total |   2568 |   2542 |     26 |    457 |   1310 |   3 |  856.0 |
       Dungeon |   2568 |   2542 |     26 |    457 |   1310 |   3 |  856.0 |
               +--------+--------+--------+--------+--------+-----+--------+

Top non-repeatable levels by time:
     D:2: 901 daAuts
     D:1: 849 daAuts
     D:3: 817 daAuts

Table legend:
 A = Non-vault XP
 B = Vault XP
 C = Vault XP percentage of total XP
 D = Non-vault monster count
 E = Vault monster count
 F = Vault count percentage of total count
                 A         B        C        D         E       F
            +---------+---------+-------+---------+---------+-------
      Total |     206 |      36 |  14.9 |      41 |       1 |   2.4
            +---------+---------+-------+---------+---------+-------
        D:1 |      27 |       0 |   0.0 |      16 |       0 |   0.0
        D:2 |     108 |       0 |   0.0 |      13 |       0 |   0.0
        D:3 |      71 |      36 |  33.6 |      12 |       1 |   7.7
            +---------+---------+-------+---------+---------+-------
